 Dungeon Crawl Stone Soup version 0.19-a0-1091-g463c9de (webtiles) character file.

2112 Kidiri the Thaumaturge (level 9, 0/48 HPs)
             Began as a Deep Elf Fire Elementalist on Aug 7, 2016.
             Slain by an unseen horror (2 damage)
             ... on level 5 of the Dungeon.
             The game lasted 00:29:52 (7968 turns).

Kidiri the Thaumaturge (Deep Elf Fire Elementalist) Turns: 7968, Time: 00:29:53

Health: 0/48       AC:  5    Str:  5    XL:     9   Next: 8%
Magic:  20/23      EV: 14    Int: 24    God:
Gold:   232        SH:  0    Dex: 15    Spells: 6 memorised, 7 levels left

rFire  + . .     SeeInvis .     d - +1 dagger
rCold  + . .     Gourm    .     s - +2 robe {rC+ rF+}
rNeg   . . .     Faith    .     (no shield)
rPois  .         Spirit   .     (no helmet)
rElec  .         Dismiss  .     (no cloak)
rCorr  .         Reflect  .     f - +0 pair of gloves
SustAt .         Harm     .     (no boots)
MR     .....                    o - amulet of magic regeneration
Stlth  ++........               (no ring)
                                l - ring of flight

@:
A: no striking features
a: Evoke Flight


You were on level 5 of the Dungeon.
You were not hungry.

You visited 2 branches of the dungeon, and saw 7 of its levels.
You also visited: Ossuary.

You collected 232 gold pieces.

Inventory:

Hand Weapons
 d - a +1 dagger (weapon)
Armour
 f - a +0 pair of gloves (worn)
 j - a +0 buckler
 s - a +2 robe of resistance (worn)
Jewellery
 l - a ring of flight (left hand)
 o - an amulet of magic regeneration (around neck)
Wands
 n - a wand of iceblast (11/15)
 p - a wand of enslavement (24/24)
Scrolls
 k - 3 scrolls of teleportation
 u - a scroll of remove curse
Potions
 e - a potion of lignification
 g - 2 potions of haste
 m - a potion of resistance
 q - 2 potions of might
 r - a potion of brilliance
 t - a potion of invisibility
 v - a potion of agility
Books
 b - a book of Flames

   Spells                             Type                      Level
   a - Flame Tongue                   Conjuration/Fire             1
   b - Throw Flame                    Conjuration/Fire             2
   c - Conjure Flame                  Conjuration/Fire             3
   d - Inner Flame                    Hexes/Fire                   3
   e - Sticky Flame                   Conjuration/Fire             4
   f - Fireball                       Conjuration/Fire             5
Comestibles
 c - 4 bread rations
 i - 2 meat rations


   Skills:
 + Level 1.9 Fighting
 + Level 1.9 Short Blades
 + Level 1.7 Armour
 + Level 3.9 Dodging
 - Level 2.4 Stealth
 + Level 1.9 Shields
 * Level 8.7 Spellcasting
 * Level 6.1 Conjurations
 * Level 6.9 Fire Magic
 + Level 2.9 Evocations


You had 7 spell levels left.
You knew the following spells:

 Your Spells              Type           Power        Failure   Level  Hunger
a - Flame Tongue          Conj/Fire      #####        1%          1    None
b - Throw Flame           Conj/Fire      #####.       1%          2    None
c - Conjure Flame         Conj/Fire      #####...     1%          3    None
d - Inner Flame           Hex/Fire       ####....     4%          3    None
e - Sticky Flame          Conj/Fire      #####...     4%          4    ##.....
f - Fireball              Conj/Fire      #####.....   14%         5    ####...


Dungeon Overview and Level Annotations

Branches:
Dungeon (6/15)             Temple (1/1) D:5

Altars:
Ashenzari
Cheibriados
Dithmenos
Elyvilon
Fedhas
Gozag
Makhleb
Nemelex Xobeh
Pakellas
Qazlal
Ru
Uskayaw
Xom
Yredelemnul
Zin
The Shining One


Message History

Confirm with . or Enter, or press ? or * to list all spells.
Aiming: Flame Tongue
Press: ? - help, Shift-Dir - straight line, f - unseen horror
Aim: an unseen horror (moderately wounded, slightly transparent, covered in liquid flames)
The flame tongue misses the unseen horror.
The unseen horror burns!
The unseen horror misses you.
The unseen horror hits you but does no damage.
The unseen horror hits you!
* * * LOW HITPOINT WARNING * * *
Okay, then.
Unknown command.
The unseen horror burns!
The unseen horror hits you.
* * * LOW HITPOINT WARNING * * *
The unseen horror hits you but does no damage.
You climb upwards.
There is a stone staircase leading down here.
Unknown command.
The unseen horror burns!
The unseen horror closely misses you.
The unseen horror burns!
Something hits you.
You die...

##### ####...###### ####
##...........###..#####
##......................
#......@...........###..
#....>....>.....##.# #..
#...............(..###..
##...............#.......
##........................
##................#.#.....#
#...................#.....#
#.................###.....#
#..........................


There were no monsters in sight!

Vanquished Creatures
  Pikel (D:5)
  Sigmund (D:4)
  2 ice beasts (D:5)
  2 sky beasts
  4 slaves (D:5)
  A phantom (D:3)
  2 ogres (D:4)
  A centaur (D:5)
  A scorpion (D:4)
  2 centaur zombies (Ossuary)
  A crimson imp (D:4)
  2 hounds
  An iguana (D:4)
  4 worker ants
  3 ogre zombies (Ossuary)
  2 hound skeletons
  7 mummies (Ossuary)
  3 gnolls (D:5)
  14 adders
  An ooze (D:3)
  5 adder zombies
  An adder skeleton (D:4)
  4 worms
  4 dart slugs
  3 giant geckos
  8 orcs
  2 ball pythons (D:2)
  4 giant cockroaches
  7 hobgoblins
  5 jackals
  2 quokkas
  8 bats
  9 giant newts
  6 goblins
  3 goblin zombies (Ossuary)
  2 hobgoblin zombies (Ossuary)
  10 kobolds
  8 kobold zombies (Ossuary)
  4 quokka zombies
  4 rats
  5 rat zombies (Ossuary)
159 creatures vanquished.

Notes
Turn   | Place    | Note
-------+----------+-------------------------------------------
     0 | D:1      | Kidiri the Deep Elf Fire Elementalist began the quest for the Orb.
     0 | D:1      | Reached XP level 1. HP: 10/10 MP: 6/6
   344 | D:1      | Reached XP level 2. HP: 15/15 MP: 5/8
   348 | D:1      | Learned a level 2 spell: Throw Flame
   998 | D:2      | Reached XP level 3. HP: 14/19 MP: 1/10
  1045 | D:2      | Learned a level 3 spell: Conjure Flame
  1049 | D:2      | Learned a level 3 spell: Inner Flame
  1236 | D:2      | Reached skill level 4 in Spellcasting
  1375 | D:2      | Reached XP level 4. HP: 24/24 MP: 1/12
  1883 | D:2      | Found a blossoming altar of Fedhas.
  2564 | D:3      | Reached skill level 5 in Spellcasting
  2701 | D:3      | Learned a level 4 spell: Sticky Flame
  2716 | D:3      | Reached XP level 5. HP: 21/28 MP: 3/14
  2972 | D:3      | Noticed a phantom
  2991 | D:3      | Killed a phantom
  3513 | D:4      | Noticed Sigmund
  3533 | D:4      | Killed Sigmund
  3533 | D:4      | Reached skill level 6 in Spellcasting
  3533 | D:4      | Reached skill level 5 in Fire Magic
  3533 | D:4      | Reached XP level 6. HP: 25/32 MP: 9/17
  3966 | D:4      | Reached XP level 7. HP: 36/36 MP: 11/19
  4046 | D:4      | Learned a level 5 spell: Fireball
  4050 | D:4      | Reached skill level 7 in Spellcasting
  4371 | D:4      | Reached skill level 5 in Conjurations
  4944 | D:4      | Reached skill level 1 in Evocations
  4955 | D:5      | Entered Level 5 of the Dungeon
  5034 | D:5      | Found a sand-covered staircase.
  5053 | D:5      | Reached skill level 1 in Short Blades
  5066 | Ossuary  | Entered an ossuary
  5388 | Ossuary  | Reached skill level 1 in Fighting
  5388 | Ossuary  | Reached XP level 8. HP: 33/43 MP: 14/21
  6245 | Ossuary  | Reached skill level 1 in Shields
  6269 | Ossuary  | Reached skill level 1 in Armour
  6609 | D:5      | Reached skill level 8 in Spellcasting
  6650 | D:5      | Gained mutation: You have a pair of small horns on your head. [mutagenic meat]
  6653 | D:5      | Gained mutation: Your muscles are strong. (Str +2) [mutagenic meat]
  6656 | D:5      | Gained mutation: You are dopey. (Int -2) [mutagenic meat]
  6659 | D:5      | Gained mutation: You are very dopey. (Int -4) [mutagenic meat]
  6692 | D:5      | Found a staircase to the Ecumenical Temple.
  6705 | Temple   | Entered the Ecumenical Temple
  6828 | D:5      | Lost mutation: You are very dopey. (Int -4) [potion of cure mutation]
  6828 | D:5      | Lost mutation: You have a pair of small horns on your head. [potion of cure mutation]
  6828 | D:5      | Lost mutation: Your muscles are strong. (Str +2) [potion of cure mutation]
  6828 | D:5      | Lost mutation: You are dopey. (Int -2) [potion of cure mutation]
  7008 | D:5      | Noticed Pikel
  7401 | D:5      | Killed Pikel
  7401 | D:5      | Reached XP level 9. HP: 30/48 MP: 2/23
  7963 | D:6      | Noticed an unseen horror
  7965 | D:6      | HP: 1/48 [unseen horror (5)]
  7968 | D:5      | Slain by an unseen horror

Vault maps used:
D:1:      dpeg_arrival_rooms_with_view
D:2:      fedhas_altar_3
D:4:      first_bread, uniq_sigmund
D:5:      enter_ossuary_1, hangedman_glass_teeth, uniq_pikel
D:6:      serial_shops, shop_fountains
Temple:   lightli_temple_of_artemis
Ossuary:  ossuary_boxes_badplayer

Skill      XL: |  1  2  3  4  5  6  7  8 |
---------------+-------------------------+-----
Spellcasting   | 4 5 6 7 8 |  8.7
Conjurations   | 2 4 5 6 |  6.1
Fire Magic     | 4 5 6 |  6.9
Evocations     | 1 2 |  2.9
Short Blades   | 1 |  1.9
Fighting       | 1 |  1.9
Dodging        | 3 |  3.9
Shields        | 1 |  1.9
Armour         | 1 |  1.7
Stealth        | |  2.4

Action                   |  1- 3 |  4- 6 |  7- 9 || total
-------------------------+-------+-------+-------++-------
Melee: Dagger            |    33 |    13 |   145 ||   191
       Short sword       |     1 |       |       ||     1
 Cast: Flame Tongue      |    50 |    88 |   151 ||   289
       Throw Flame       |     8 |    26 |    23 ||    57
       Conjure Flame     |       |     1 |    12 ||    13
       Sticky Flame      |       |     1 |     9 ||    10
       Inner Flame       |       |       |     2 ||     2
       Fireball          |       |       |     3 ||     3
Evoke: Wand              |       |       |     1 ||     1
  Use: Scroll            |     5 |     6 |    12 ||    23
       Potion            |       |     1 |     4 ||     5
 Stab: Sleeping          |       |     1 |       ||     1
  Eat: Chunk             |     2 |     8 |    11 ||    21
       Meat ration       |       |       |     1 ||     1
       Beef jerky        |       |       |     2 ||     2
Armor: Robe              |    19 |     9 |    32 ||    60
Dodge: Dodged            |    57 |    27 |   110 ||   194
